 Dungeon Crawl Stone Soup version 0.29.1-1-gd02db6906a (webtiles) character file.

Game seed: 861015931252202940

1234 Icepheonix32 the Skirmisher (level 8, -5/35 HPs)
             Began as a Spriggan Hunter on Sept 18, 2022.
             Was a Follower of Hepliaklqana.
             Killed by divine providence
             ... invoked by an orc priest
              (14 damage)
             ... on level 5 of the Dungeon.
             The game lasted 00:08:39 (5715 turns).

Icepheonix32 the Skirmisher (Spriggan Hunter)       Turns: 5715, Time: 00:08:40

Health: -5/35      AC:  2    Str: 13    XL:     8   Next: 24%
Magic:  10/12      EV: 20    Int: 10    God:    Hepliaklqana [*.....]
Gold:   243        SH:  0    Dex: 21    Spells: 4/11 levels left

rFire   . . .      SeeInvis +   a - +0 shortbow
rCold   . . .      Faith    .   (shield currently unavailable)
rNeg    . . .      Spirit   .   c - +0 robe
rPois   .          Reflect  .   (helmet restricted)
rElec   .          Harm     .   q - scarf {+Inv}
rCorr   .          Rampage  .   (gloves unavailable)
Will    +....                   (boots unavailable)
Stlth   +++.......              r - amulet of the acrobat
HPRegen 0.11/turn               w - +6 ring of strength
MPRegen 0.13/turn               (no ring)

@: attractive, very quick
A: reduced essence, very small, no large weapons, unfitting armour, see
invisible, speed 3
a: Renounce Religion, Evoke Invisibility, Recall Ancestor, Ancestor Identity


You were on level 5 of the Dungeon.
You worshipped Hepliaklqana.
Hepliaklqana was aware of your devotion.
You visited 2 branches of the dungeon, and saw 6 of its levels.

You collected 243 gold pieces.

Inventory:

Hand Weapons
 a - a +0 shortbow (weapon)
Armour
 c - a +0 robe (worn)
 q - a scarf of invisibility (worn)
Jewellery
 r - an amulet of the acrobat (around neck)
 v - an amulet of faith
 w - a +6 ring of strength (left hand)
Wands
 n - a wand of digging (5)
 s - a wand of charming (8)
 t - a wand of polymorph (12)
 B - a wand of light (2)
Scrolls
 b - 2 scrolls of immolation
 d - 3 scrolls of identify
 e - 3 scrolls of poison {unknown}
 f - a scroll of enchant armour
 i - 2 scrolls of vulnerability
 k - a scroll of brand weapon {unknown}
 l - a scroll of summoning {unknown}
 m - a scroll of teleportation
 p - 2 scrolls of blinking {unknown}
 y - a scroll of noise {unknown}
 z - a scroll of butterflies {unknown}
 A - a scroll of enchant weapon {unknown}
Potions
 g - 2 potions of curing
 h - 2 potions of haste
 j - 2 potions of heal wounds
 o - a potion of ambrosia
 u - 2 potions of brilliance


   Skills:
 + Level 2.9 Fighting
 * Level 8.4 Ranged Weapons
 * Level 5.2 Dodging
 + Level 2.9 Stealth
 + Level 2.0 Spellcasting
 * Level 2.3 Hexes
 * Level 1.7 Translocations
 * Level 3.6 Evocations


You had 4 spell levels left.
You knew the following spells:

 Your Spells              Type           Power      Damage    Failure   Level
a - Leda's Liquefaction   Hex/Erth       1%         N/A       88%         4
b - Portal Projectile     Hex/Tloc       10%        N/A       38%         3

Your spell library contained the following spells:

 Spells                   Type           Power      Damage    Failure   Level
 Necrotise                Necr           4%         1d4       30%         1
 Call Canine Familiar     Summ           1%         N/A       67%         3
 Vampiric Draining        Necr           1%         2d6       67%         3
 Agony                    Necr           1%         N/A       100%        5
 Fireball                 Conj/Fire      0%         3d3       100%        5
 Starburst                Conj/Fire      0%         6d3       100%        6
 Ignition                 Fire           0%         3d3       100%        8


Dungeon Overview and Level Annotations

Branches:
Dungeon (5/15)             Temple (1/1) D:4

Altars:
Ashenzari
Cheibriados
Dithmenos
Elyvilon
Fedhas
Hepliaklqana
Makhleb
Nemelex Xobeh
Okawaru
Ru
Sif Muna
Trog
Uskayaw
Vehumet
Wu Jian
Xom
Yredelemnul
Zin
The Shining One

Shops:
D:3 [

Annotations:
D:4 1 runed translucent door, Crazy Yiuf


Innate Abilities, Weirdness & Mutations

Your life essence is reduced to manifest your ancestor. (-10% HP)
You are very small and have problems with some larger weapons.
You are too small for most types of armour.
You have supernaturally acute eyesight. (SInv)
You cover ground extremely quickly. (Speed+++)


Message History

The orc closely misses you.
The orc hits Qinisela but does no damage.
The orc is attracted toward you. The orc priest is attracted toward you.
Unknown command.
The orc is attracted toward you.
You are confused.
You feel invigorated.
Qinisela hits the orc priest but does no damage.
The orc hits you with a +0 short sword.
* * * LOW HITPOINT WARNING * * *
The orc is attracted toward you. x2
You closely miss the orc.
The orc is moderately wounded.
Something hits Qinisela.
The orc misses you. x2; Qinisela hits the orc!
The orc dies!
The orc closely misses you.
Something hits Qinisela.
The orc hits you with a +0 short sword.
* * * LOW HITPOINT WARNING * * *
You feel less invigorated.
You feel less confused. The orc is attracted toward you.
Unknown command.
Qinisela is recalled.
The orc hits you with a +0 short sword.
* * * LOW HITPOINT WARNING * * *
The orc is attracted toward you. The orc is attracted toward you.
You swap places.
The orc priest shouts!
Qinisela hits the orc.
The orc dies!
The orc priest is attracted toward you.
Fire: a) +0 shortbow
Press: ? - help, Q - select action, (/) - cycle Shift-Dir - straight line, f - orc priest
Aim: an orc priest, wielding a +0 club (heavily wounded, 67% to hit)
You shoot an arrow.
The arrow closely misses the orc priest.
The orc priest calls down the wrath of Beogh upon you.
Beogh smites you!
You die...

#.......# o#
#.......# .# #
#.......# .#.##.#
#.....§.###......#
#.##..§.)..#
#^###.#...###§.#
#.........# #..##.##
#####...§§###o......
##.....oR@..###
#.......##.......
#..........####..
#.......##.#
###...####.# ###..##
.# ♣♣♣♣♣♣♣♣.'...# ..
.........'...# ..
♣♣♣♣♣♣♣♣.')..# ...


You could see the friendly Qinisela the ancestor, an orc priest (ally target)
and an orc.

Vanquished Creatures
  Sigmund (D:2)
  Edmund (D:4)
  An ice beast (D:5)
  An ogre (D:5)
  Blork the orc (D:4)
  2 scorpions
  2 orc priests
  3 hounds
  3 orc wizards
  Jessica (D:2)
  Ijyb (D:3)
  Terence (D:2)
  3 iguanas
  Natasha (D:3)
  3 gnolls (D:5)
  5 adders
  2 worms (D:2)
  A dart slug (D:1)
  13 orcs
  11 endoplasms
  6 giant cockroaches
  16 goblins
  9 hobgoblins
  2 jackals (D:1)
  5 kobolds
  5 ball pythons
  5 bats
  A frilled lizard (D:3)
  7 rats
113 creatures vanquished.

Vanquished Creatures (collateral kills)
  2 orcs (D:5)
2 creatures vanquished.

Grand Total: 115 creatures vanquished

Notes
Turn   | Place    | Note
-------+----------+-------------------------------------------
     0 | D:1      | Icepheonix32 the Spriggan Hunter began the quest for the
                  | Orb.
     0 | D:1      | Reached XP level 1. HP: 10/10 MP: 2/2
   150 | D:1      | Reached XP level 2. HP: 15/15 MP: 3/3
   695 | D:2      | Reached skill level 5 in Ranged Weapons
   695 | D:2      | Reached XP level 3. HP: 18/18 MP: 4/4
   725 | D:2      | Reached skill level 1 in Spellcasting
   900 | D:2      | Found a sparkling altar of Nemelex Xobeh.
  1032 | D:2      | Noticed Terence
  1048 | D:2      | Killed Terence
  1049 | D:2      | Reached XP level 4. HP: 12/23 MP: 5/7
  1491 | D:2      | Noticed Sigmund
  1506 | D:2      | Killed Sigmund
  1507 | D:2      | Reached skill level 6 in Ranged Weapons
  1507 | D:2      | Reached XP level 5. HP: 17/26 MP: 7/9
  1651 | D:2      | Noticed Jessica
  1655 | D:2      | Killed Jessica
  1656 | D:2      | Reached XP level 6. HP: 30/30 MP: 10/10
  1787 | D:2      | Learned a level 4 spell: Leda's Liquefaction
  2292 | D:3      | Noticed Ijyb
  2302 | D:3      | Killed Ijyb
  2539 | D:3      | Found Ecoiwn's Antique Armour Emporium.
  2727 | D:3      | Identified the +10 short sword of Spores {distort, rN+
                  | Int+2}
  2916 | D:3      | Noticed Natasha
  2926 | D:3      | Killed Natasha
  2927 | D:3      | Reached skill level 7 in Ranged Weapons
  2927 | D:3      | Reached skill level 1 in Evocations
  3099 | D:4      | Found a shadowy altar of Dithmenos.
  3134 | D:4      | Noticed Blork the orc
  3150 | D:4      | Killed Blork the orc
  3155 | D:4      | Learned a level 3 spell: Portal Projectile
  3297 | D:4      | Reached XP level 7. HP: 32/35 MP: 11/11
  3336 | D:4      | Noticed Edmund
  3407 | D:4      | Reached skill level 1 in Hexes
  3481 | D:4      | Killed Edmund
  3482 | D:4      | Reached skill level 1 in Translocations
  3812 | D:4      | Found a staircase to the Ecumenical Temple.
  3828 | Temple   | Entered the Ecumenical Temple
  4063 | Temple   | Became a worshipper of Hepliaklqana the Forgotten
  4282 | D:4      | Found a runed translucent door.
  4283 | D:4      | Noticed Crazy Yiuf
  5078 | D:5      | Entered Level 5 of the Dungeon
  5196 | D:5      | Reached skill level 8 in Ranged Weapons
  5196 | D:5      | Reached XP level 8. HP: 35/39 MP: 12/12
  5463 | D:5      | Reached skill level 5 in Dodging
  5677 | D:5      | Reached * piety under Hepliaklqana
  5715 | D:5      | Killed from afar by an orc priest

Illustrated notes

Levels and vault maps discovered:
D:1:      eino_arrival_water_star, layout_loops_cross
D:2:      layout_basic, basic_altar, uniq_terence, uniq_jessica, uniq_sigmund
D:3:      layout_basic, serial_shops, shop, nicolae_hexahallways, st_stairs_3,
          due_unseen_surprise, uniq_ijyb, uniq_natasha
D:4:      cheibrodos_greedy_goblins, layout_basic, grunt_dithmenos_smoke,
          minmay_temple_entry_statues, uniq_crazy_yiuf_cottage,
          uniq_blork_the_orc, uniq_edmund
D:5:      cheibrodos_barr_body, layout_loops_cross, minivault_23,
          kennysheep_cross_bottleneck, st_stairs_12, nicolae_zen_rock_garden,
          chequers_serial_rivers_small_a, kennysheep_generic_room_16
Temple:   regret_index_temple_chain_breaker

Skill      XL: |  1  2  3  4  5  6  7  8 |
---------------+-------------------------+-----
Ranged Weapons | 5 6 7 8 |  8.4
Spellcasting   | 1 2 |  2.0
Dodging        | 3 4 5 |  5.2
Fighting       | 2 |  2.9
Evocations     | 1 3 |  3.6
Stealth        | 2 |  2.9
Hexes          | 2 |  2.3
Translocations | 1 |  1.7

Action                   |  1- 3 |  4- 6 |  7- 9 || total
-------------------------+-------+-------+-------++-------
Melee: Unarmed           |       |     8 |       ||     8
       Shortbow          |       |       |     1 ||     1
 Fire: Shortbow          |    94 |   117 |   171 ||   382
Invok: Recall Ancestor   |       |       |     1 ||     1
Evoke: Wand              |       |     1 |       ||     1
  Use: Scroll            |       |     5 |     1 ||     6
       Potion            |       |     1 |     2 ||     3
Armor: Robe              |     7 |     2 |       ||     9
Dodge: Dodged            |    33 |    29 |    42 ||   104
